 Dungeon Crawl Stone Soup version 0.32-a0-7-ge934b4519a (webtiles) character file.

Game seed: 7057193195601666717

34 jjjjhere the Changeling (level 3, -2/22 (26) HPs)
             Began as a Merfolk Shapeshifter on Jan 13, 2024.
             Slain by a hobgoblin
             ... wielding the +8 dagger of Rufoacs {drain, rElec Int+4}
              (9 damage)
             ... on level 2 of the Dungeon.
             The game lasted 00:01:18 (954 turns).

jjjjhere the Changeling (Merfolk Shapeshifter)       Turns: 954, Time: 00:01:19

HP:   -2/22 (26)    AC:  2    Str: 14    XL:     3   Next: 31%
MP:   3/3           EV: 12    Int:  9    God:
Gold: 70            SH:  0    Dex: 15    Spells: 2/2 levels left

rFire   . .          .
                       - Unarmed
rCold   . . .        (no shield)
rNeg    . . .        a - +0 animal skin
rPois   .            (helmet currently unavailable)
rElec   .            (cloak currently unavailable)
rCorr   .            (gloves currently unavailable)
SInv    .            (boots currently unavailable)
Will    .....        e - amulet of regeneration
Stlth   +            (no ring)
HPRegen 1.03/turn    (no ring)
MPRegen 0.08/turn

%: no passive effects
@: beast-form, heavily drained
A: beast (slay +2), (nimble swimmer 2), mertail
a: Begin Untransformation


You were on level 2 of the Dungeon.
You were a hulking beast.
You visited 1 branch of the dungeon, and saw 2 of its levels.

You collected 70 gold pieces.

Inventory:

Armour
 a - a +0 animal skin (worn)
 l - a +0 cloak
Jewellery
 e - an amulet of regeneration (around neck)
 k - an amulet of faith
Talismans
 c - a beast talisman
 d - a flux talisman
Scrolls
 g - a scroll of poison {unknown}
 m - a scroll of identify {unknown}
 n - a scroll of amnesia {unknown}
 p - a scroll of fog {unknown}
Potions
 b - a potion of lignification
 f - 2 potions of heal wounds {unknown}
 h - 2 potions of might {unknown}
 i - 3 potions of curing {unknown}
 j - a potion of mutation {unknown}
 o - a potion of magic {unknown}


   Skills:
 - Level 1.1 Fighting
 - Level 2.6 Dodging
 + Level 4.1 Unarmed Combat
 + Level 4.8 Shapeshifting


You had 2 spell levels left.
You didn't know any spells.
Your spell library was empty.

Dungeon Overview and Level Annotations

Branches:
Dungeon (2/15)

Altars:


Innate Abilities, Weirdness & Mutations

You are a hulking beast.
Your limbs bulge with bestial killing power. (Slay +2)
((You are very nimble when in or above water. (Stealth+, EV+, Speed+++)))
Your lower body shifts to a powerful aquatic tail in water.


Message History

The ball python bites you but does no damage.
The ball python constricts you.
You barely miss the kobold. The ball python bites you.
The ball python constricts you. The kobold closely misses you.
You punch the kobold!
You kill the kobold!
The ball python barely misses you. The ball python constricts you.
You hit the ball python but do no damage.
The ball python barely misses you. The ball python constricts you.
You hit the ball python.
You kill the ball python!
You now have 67 gold pieces (gained 12).
You see here a +0 short sword.
You start resting.
HP restored.
You now have 70 gold pieces (gained 3).
Key pressed, stopping explore.
Key pressed, stopping explore.
The hobgoblin shouts!
A hobgoblin is nearby!
The hobgoblin hits you with the +8 dagger of Rufoacs {drain, rElec Int+4}!
You feel drained.
You are too injured to fight recklessly!
You closely miss the hobgoblin. The hobgoblin closely misses you.
You hit the hobgoblin.
The hobgoblin is moderately wounded.
The hobgoblin hits you with the +8 dagger of Rufoacs {drain, rElec Int+4}!
* * * LOW HITPOINT WARNING * * *
You feel drained.
* * * LOW HITPOINT WARNING * * *
The hobgoblin attacks as it pursues you!
The hobgoblin misses you.
The hobgoblin attacks as it pursues you!
The hobgoblin hits you with the +8 dagger of Rufoacs {drain, rElec Int+4}.
* * * LOW HITPOINT WARNING * * *
You feel drained.
* * * LOW HITPOINT WARNING * * *
The hobgoblin attacks as it pursues you!
The hobgoblin hits you with the +8 dagger of Rufoacs {drain, rElec Int+4}!
You die...

# #..# ############.#
#.#..#######...........#
...........#.#.........#
#.#..#####.#.#.#####...#######
...........†..........).....>#
###......#.#.#.#####....####.#
.........#)#.#.#........#
###.#....#.#.#.#.###.#..#
#.#......#.g<#h# #.......
...........#.#g# ########
##.######.#.#.#.#
#.#......g.#.#.#####
#.####.#.#.#.....#
#K#.#.#####.# #.. #.#.#.#
#...#####.. #.#.# #.#.#.#
#.........# #.#.# #K#.#.#
#..######.#


You could see a hobgoblin.

Vanquished Creatures
  2 adders (D:2)
  3 ball pythons
  3 endoplasms
  A giant cockroach (D:1)
  A hobgoblin (D:1)
  2 kobolds (D:2)
  A bat (D:1)
  2 frilled lizards
  A goblin (D:1)
16 creatures vanquished.

Notes
Turn   | Place    | Note
-------+----------+-------------------------------------------
     0 | D:1      | jjjjhere the Merfolk Shapeshifter began the quest for the
                  | Orb.
     0 | D:1      | Reached XP level 1. HP: 15/15 MP: 1/1
   125 | D:1      | Found a faded altar of an unknown god.
   486 | D:1      | Reached XP level 2. HP: 21/21 MP: 2/2
   775 | D:2      | Reached XP level 3. HP: 22/26 MP: 3/3
   821 | D:2      | Identified the +8 dagger of Rufoacs {drain, rElec Int+4}
   945 | D:2      | HP: 7/24 [hobgoblin/the +8 dagger of Rufoacs {drain, rElec
                  | Int+4} (11)]
   951 | D:2      | HP: 6/23 [hobgoblin/the +8 dagger of Rufoacs {drain, rElec
                  | Int+4} (5)]
   954 | D:2      | Slain by a hobgoblin

Illustrated notes

Levels and vault maps discovered:
D:1:      lightli_arrival_quake, layout_loops_ring,
          shapermc_ecumenical_altar_totnotflames
D:2:      layout_basic

Skill      XL: |  1  2 |
---------------+-------+-----
Unarmed Combat | 4 |  4.1
Fighting       | |  1.1
Dodging        | |  2.6
Shapeshifting  | |  4.8

Action                     || total
---------------------------++-------
  Melee: Unarmed           ||    41
         Punch             ||     1
   Stab: Sleeping          ||     4
 Armour: Animal skin       ||    22
  Dodge: Dodged            ||    20

Table legend: (Time is in decaauts)
 A = Elapsed time spent in this place.
 B = Non-inter-level travel time spent in this place.
 C = Inter-level travel time spent in this place.
 D = Time resting spent in this place.
 E = Time spent auto-exploring this place.
 F = Levels seen in this place.
 G = Mean time per level.
                   A        B        C        D        E       F      G
               +--------+--------+--------+--------+--------+-----+--------+
         Total |    951 |    902 |     49 |     16 |    707 |   2 |  475.5 |
       Dungeon |    951 |    902 |     49 |     16 |    707 |   2 |  475.5 |
               +--------+--------+--------+--------+--------+-----+--------+

Top non-repeatable levels by time:
     D:1: 745 daAuts
     D:2: 206 daAuts
